 Dungeon Crawl Stone Soup version 0.24.0-123-gd5b16e6ec5 (webtiles) character file.

Game seed: 8650556545655549945, levelgen mode: deterministic

81 McKennaii the Conjurer (level 4, -1/33 HPs)
             Began as a Draconian Conjurer on Feb 1, 2020.
             Slain by an orc wizard
             ... wielding a +0 dagger
              (3 damage)
             ... on level 4 of the Dungeon.
             The game lasted 00:05:02 (2199 turns).

McKennaii the Conjurer (Draconian Conjurer)         Turns: 2199, Time: 00:05:02

Health: -1/33      AC:  8    Str: 11    XL:     4   Next: 19%
Magic:  7/7        EV: 12    Int: 16    God:
Gold:   134        SH:  0    Dex: 11    Spells: 7/8 levels left

rFire    . . .     SeeInvis .   (no weapon)
rCold    . . .     Gourm    .   (no shield)
rNeg     . . .     Faith    .   (armour unavailable)
rPois    .         Spirit   .   (helmet restricted)
rElec    .         Reflect  .   (no cloak)
rCorr    .         Harm     .   (no gloves)
MR       .....                  (no boots)
Stlth    ++........             (no amulet)
HPRegen  0.11/turn              c - +3 ring of protection
MPRegen  0.10/turn              (no ring)

@: flying, very slightly contaminated, slowed, invisible (expiring), very slow
A: unfitting armour, cold-blooded, AC +5
a: no special abilities


You were on level 4 of the Dungeon.
You were not hungry.

You visited 1 branch of the dungeon, and saw 4 of its levels.

You collected 134 gold pieces.

Inventory:

Jewellery
 c - a +3 ring of protection (left hand)
Scrolls
 f - a scroll of teleportation {unknown}
 g - 2 scrolls of magic mapping {unknown}
 h - 2 scrolls of noise {unknown}
 i - 2 scrolls of identify {unknown}
 k - a scroll of amnesia {unknown}
 l - a scroll of blinking {unknown}
 n - 2 scrolls of remove curse {unknown}
Potions
 e - a potion of degeneration {unknown}
 j - a potion of invisibility
 m - 2 potions of curing {unknown}
 o - a potion of resistance {unknown}
 p - a potion of brilliance {unknown}
Comestibles
 b - 5 rations


   Skills:
 + Level 0.1 Fighting
 + Level 2.2 Dodging
 + Level 2.0 Stealth
 * Level 2.5 Spellcasting
 + Level 5.1 Conjurations


You had 7 spell levels left.
You knew the following spells:

 Your Spells              Type           Power        Failure   Level  Hunger
a - Magic Dart            Conj           ###.         2%          1    #......

Your spell library contained the following spells:

 Spells                   Type           Power        Failure   Level  Hunger
 Searing Ray              Conj           ###...       3%          2    ##.....
 Dazzling Spray           Conj/Hex       ##....       21%         3    ###....
 Iskenderun's Mystic Bla  Conj           ###.....     24%         4    #####..
 Force Lance              Conj/Tloc      ##......     56%         4    #####..
 Fulminant Prism          Conj/Hex       ##........   56%         4    #####..


Dungeon Overview and Level Annotations

Branches:
Dungeon (3/15)

Altars:

Annotations:
D:2 Sigmund


Innate Abilities, Weirdness & Mutations

Your plain brown scales are hard. (AC +5)
You cannot fit into any form of body armour.
You are cold-blooded and may be slowed by cold attacks.


Message History

You hit the orc wizard.
The orc wizard is almost dead.
You flicker for a moment.
The orc wizard gestures at you while chanting.
You feel as though you will be slow longer.
The orc wizard points at you and mumbles some strange words.
The magic dart hits you.
* * * LOW HITPOINT WARNING * * *
It was a potion of flight.
You feel very buoyant.
You fly up into the air.
The orc wizard casts a spell at you. The magic dart hits you.
* * * LOW HITPOINT WARNING * * *
The orc wizard hits you but does no damage.
It was a potion of magic.
Magic courses through your body.
The orc wizard is no longer moving quickly.
The orc wizard barely misses you.
The orc wizard hits you with a +0 dagger.
You die...

.. ... ....##
....#.#######
........@...#############
.......#.o#.#...........#
...#.....#..#...........#
#.....#...#...........#
.......#..#.#...........#
......#.....#...........#
.#.#.#..................#
.............##'##......#
#.#..#...#...#...#......#


You could see an orc wizard.

Vanquished Creatures
  A worker ant (D:4)
  2 adders
  A worm (D:2)
  2 dart slugs (D:1)
  2 giant cockroaches
  3 hobgoblins
  2 jackals (D:1)
  10 bats
  6 frilled lizards
  8 goblins
  7 kobolds
  5 rats (D:1)
49 creatures vanquished.

Notes
Turn   | Place    | Note
-------+----------+-------------------------------------------
     0 | D:1      | McKennaii the Draconian Conjurer began the quest for the
                  | Orb.
     0 | D:1      | Reached XP level 1. HP: 14/14 MP: 3/3
   216 | D:1      | Reached XP level 2. HP: 20/20 MP: 3/5
   368 | D:1      | You fall into a shaft and drop 1 floor!
   381 | D:2      | Reached XP level 3. HP: 24/26 MP: 1/6
   602 | D:2      | Noticed Sigmund
  1948 | D:3      | Reached skill level 5 in Conjurations
  1948 | D:3      | Reached XP level 4. HP: 31/33 MP: 0/7
  2072 | D:3      | You fall into a shaft and drop 1 floor!
  2199 | D:4      | Slain by an orc wizard

Levels and vault maps discovered:
D:1:      dpeg_arrival_erosion, layout_rooms, minmay_ruptured
D:2:      layout_basic, first_ration, uniq_sigmund
D:3:      layout_rooms
D:4:      layout_gridville, minmay_temple_entry_stoned_glass,
          hangedman_decor_opposing

Skill      XL: |  1  2  3  4 |
---------------+-------------+-----
Dodging        | 2 |  2.2
Conjurations   | 5 |  5.1
Stealth        | 2 |  2.0
Fighting       | |  0.1
Spellcasting   | |  2.5

Action                   |  1- 3 |  4- 6 || total
-------------------------+-------+-------++-------
Melee: Unarmed           |   111 |     8 ||   119
       Tailslap          |    11 |       ||    11
 Cast: Magic Dart        |    77 |    16 ||    93
  Use: Potion            |       |     3 ||     3
  Eat: Chunk             |     3 |     2 ||     5
Armor: Skin              |    60 |    10 ||    70
Dodge: Dodged            |   101 |    10 ||   111
